 Dungeon Crawl Stone Soup version 0.28-a0-464-g0687ed57fd (webtiles) character file.

Game seed: 12940245055013516729

10889 Morbidden the Thaumaturge (level 11, -5/89 HPs)
             Began as a Demigod Fire Elementalist on Sept 14, 2021.
             Killed from afar by a deep elf pyromancer (42 damage)
             ... with a bolt of fire
             ... on level 12 of the Dungeon.
             The game lasted 00:21:49 (16294 turns).

Morbidden the Thaumaturge (DgFE)                   Turns: 16294, Time: 00:21:50

Health: -5/89      AC: 14    Str: 13    XL:     11   Next: 19%
Magic:  19/28      EV: 28    Int: 29    God:
Gold:   729        SH:  0    Dex: 26    Spells: 15/27 levels left

rFire   . . .      SeeInvis .   a - +2 short sword (venom)
rCold   + . .      Faith    .   (no shield)
rNeg    . . .      Spirit   .   m - +2 leather armour of Sop Zuap {rC+ Str+4}
rPois   .          Reflect  .   f - +2 helmet
rElec   .          Harm     .   u - +0 cloak
rCorr   .          Rampage  .   M - +2 pair of gloves
Will    +....                   q - +1 pair of boots
Stlth   +++.......              b - amulet of the acrobat
HPRegen 0.24/turn               z - +6 ring of dexterity
MPRegen 0.21/turn               i - +6 ring of dexterity

@: acrobatic
A: high mp 1, forlorn
a: no special abilities


You were on level 12 of the Dungeon.
You visited 2 branches of the dungeon, and saw 13 of its levels.
You also visited: Sewer.

You collected 729 gold pieces.

Inventory:

Hand Weapons
 a - a +2 short sword of venom (weapon)
 k - a +4 dagger
 v - a +0 scimitar
 N - a +3 rapier
Missiles
 s - 16 poisoned darts
 G - 3 javelins (quivered)
 J - 8 silver javelins
 K - a curare-tipped dart
Armour
 f - a +2 helmet (worn)
 l - a +1 chain mail of willpower
 m - the +2 leather armour of Sop Zuap (worn) {rC+ Str+4}
   (You found it on level 4 of the Dungeon)

   Str:       It affects your strength (+4).
   rC:        It protects you from cold.
 q - a +1 pair of boots (worn)
 u - a +0 cloak (worn)
 B - a scarf of invisibility
 H - +0 acid dragon scales
 M - a +2 pair of gloves (worn)
Jewellery
 b - an amulet of the acrobat (around neck)
 i - a +6 ring of dexterity (right hand)
 j - a ring of resist corrosion
 z - a +6 ring of dexterity (left hand)
Wands
 p - a wand of polymorph (5)
 E - a wand of paralysis (12)
Scrolls
 e - 3 scrolls of vulnerability
 r - 3 scrolls of enchant weapon
 x - a scroll of fear
 y - 10 scrolls of identify
 A - a scroll of amnesia
 D - a scroll of fog
 I - 4 scrolls of teleportation
Potions
 c - a potion of brilliance {unknown}
 d - 2 potions of cancellation {unknown}
 g - 5 potions of attraction {unknown}
 h - 2 potions of berserk rage
 n - a potion of might {unknown}
 o - 4 potions of heal wounds {unknown}
 t - 3 potions of curing {unknown}
 w - 2 potions of ambrosia {unknown}
 C - a potion of haste {unknown}
 F - a potion of invisibility {unknown}
 L - 2 potions of mutation {unknown}


   Skills:
 * Level 5.9 Fighting
 * Level 4.9 Short Blades
 + Level 2.2 Armour
 + Level 2.7 Dodging
 + Level 2.6 Stealth
 * Level 8.8 Spellcasting
 * Level 5.6 Conjurations
 * Level 3.7 Transmutations
 * Level 8.7 Fire Magic


You had 15 spell levels left.
You knew the following spells:

 Your Spells              Type           Power      Damage    Failure   Level
a - Foxfire               Conj/Fire      100%       2x1d9     1%          1
b - Scorch                Fire           100%       2d10      1%          2
c - Flame Wave            Conj/Fire      53%        3d10      2%          4
d - Irradiate             Conj/Tmut      20%        3d20      22%         5

Your spell library contained the following spells:

 Spells                   Type           Power      Damage    Failure   Level
 Conjure Flame            Conj/Fire      53%        6-21      1%          3
 Inner Flame              Hex/Fire       38%        N/A       2%          3
 Sublimation of Blood     Necr           6%         N/A       9%          2
 Gell's Gravitas          Tloc           6%         N/A       16%         3
 Tukima's Dance           Hex            12%        N/A       16%         3
 Hailstorm                Conj/Ice       29%        3d8       17%         4
 Ice Form                 Ice/Tmut       23%        N/A       26%         4
 Petrify                  Tmut/Erth      23%        N/A       26%         4
 Passage of Golubria      Tloc           N/A        N/A       47%         4
 Yara's Violent Unravell  Hex/Tmut       11%        3d6       56%         5
 Simulacrum               Ice/Necr       6%         N/A       100%        6
 Disjunction              Tloc           6%         N/A       100%        8
 Fire Storm               Conj/Fire      26%        8d7       100%        9


Dungeon Overview and Level Annotations

Branches:
Dungeon (12/15)            Temple (0/1) D:6            Lair (1/6) D:11
    Orc (0/2) D:10          Sewer (visited)

Annotations:
D:9 Gastronok


Innate Abilities, Weirdness & Mutations

Your attributes grow dramatically as you level up.
You have an increased reservoir of magic. (+10% MP)
You shall have no god before yourself.


Message History

The yak is severely wounded.
The flame wave engulfs the centaur!
The centaur is heavily wounded.
You hear a shout!
The deep elf pyromancer gestures wildly while chanting.
The deep elf pyromancer blinks!
The yak misses you.
The centaur shoots an arrow.
The arrow barely misses you. The cyclops hits you!!
The gargoyle hits you but does no damage.
Unknown command.
A wave of flame ripples out!
The flame wave engulfs the gargoyle!
The gargoyle is heavily damaged.
The flame wave engulfs the cyclops!
The cyclops is severely wounded.
The flame wave engulfs the yak!
You kill the yak!
The flame wave engulfs the centaur!!
You kill the centaur!
You finish channelling waves of flame.
The deep elf pyromancer casts a spell.
The cyclops barely misses you.
The gargoyle hurls a stone arrow at you.
The stone arrow misses you.
Unknown command.
Casting: Flame Wave (dangerous; 3% risk of failure)
Confirm with . or Enter, or press ? or * to list all spells.
Casting: Flame Wave (dangerous; 3% risk of failure)
Press: ? - help, Dir - look around, f - activate A wave of flame ripples out!
The flame wave engulfs the gargoyle!
You destroy the gargoyle!
The flame wave engulfs the cyclops!!
You kill the cyclops! (Press . to intensify the flame waves.) Unknown command.
Unknown command.
Unknown command.
Unknown command.
The deep elf pyromancer gestures at you while chanting.
The bolt of fire hits you!!!
You die...

#######
#....<#
#.....#
##@####
#.....#
#)(.).#
#.....#
##....#
##e..#
#E.#
..# ..#


You could see a deep elf pyromancer and a fire elemental (summoned).

Vanquished Creatures
  A two-headed ogre (D:10)
  2 manticores (D:11)
  A cyclops (D:12)
  A centaur zombie (D:11)
  A gargoyle (D:12)
  An unseen horror (D:11)
  2 komodo dragons
  A troll (D:11)
  Grinder (D:4)
  A wraith (D:10)
  7 yaks
  A vampire (D:11)
  2 wyverns
  Grum (D:9)
  A steam dragon (D:8)
  3 vampire mosquitoes (D:6)
  An acid dragon (D:8)
  4 water moccasins
  8 orc warriors
  An ice beast (D:6)
  2 black bears
  2 necrophages
  3 sky beasts (D:7)
  2 ogres
  4 wolves (D:9)
  5 centaurs
  2 kobold brigands (D:9)
  7 bullfrogs
  3 scorpions
  5 killer bees (D:9)
  4 wights (D:8)
  3 hounds
  6 orc priests
  2 gnoll shamans
  An iguana (D:2)
  10 orc wizards
  A hound skeleton (D:5)
  7 gnolls
  13 adders
  A white imp (D:8)
  3 ufetubi
  3 worms
  3 dart slugs
  40 orcs
  19 endoplasms
  13 giant cockroaches
  9 goblins
  5 hobgoblins
  5 jackals
  14 quokkas
  16 ball pythons
  7 bats
  16 frilled lizards
  22 kobolds
  A rat (D:2)
  A spectral orc (D:6)
301 creatures vanquished.

Vanquished Creatures (collateral kills)
  6 foxfires
6 creatures vanquished.

Vanquished Creatures (others)
  950 foxfires
  41 fungi
  32 plants (D:11)
1023 creatures vanquished.

Grand Total: 1330 creatures vanquished

Notes
Turn   | Place    | Note
-------+----------+-------------------------------------------
     0 | D:1      | Morbidden the Demigod Fire Elementalist began the quest for
                  | the Orb.
     0 | D:1      | Reached XP level 1. HP: 14/14 MP: 5/5
   913 | D:1      | Reached XP level 2. HP: 20/20 MP: 4/7
   916 | D:1      | Learned a level 2 spell: Scorch
  1914 | D:2      | Reached XP level 3. HP: 27/27 MP: 3/9
  2076 | D:2      | Reached skill level 1 in Conjurations
  2428 | D:2      | Reached XP level 4. HP: 34/34 MP: 8/10
  3667 | D:4      | Identified the +2 leather armour of Sop Zuap {rC+ Str+4}
  3705 | D:4      | Noticed a necrophage
  3718 | D:4      | Killed a necrophage
  3719 | D:4      | Reached skill level 1 in Fighting
  3719 | D:4      | Reached skill level 1 in Short Blades
  3719 | D:4      | Reached XP level 5. HP: 40/40 MP: 5/12
  3915 | D:4      | Found a glowing drain.
  3948 | Sewer    | Entered a sewer
  4274 | Sewer    | Learned a level 4 spell: Flame Wave
  5434 | Sewer    | Reached XP level 6. HP: 48/48 MP: 7/13
  6106 | D:4      | Noticed Grinder
  6114 | D:4      | Killed Grinder
  6115 | D:4      | Reached XP level 7. HP: 51/56 MP: 8/15
  6837 | D:5      | Entered Level 5 of the Dungeon
  7023 | D:4      | Reached skill level 5 in Fire Magic
  8195 | D:6      | Found a staircase to the Ecumenical Temple.
  8229 | D:6      | Reached skill level 1 in Armour
  8238 | D:6      | Reached XP level 8. HP: 55/62 MP: 2/18
  8259 | D:6      | Reached skill level 5 in Spellcasting
  9548 | D:7      | Reached XP level 9. HP: 70/70 MP: 17/22
 10152 | D:8      | Learned a level 5 spell: Irradiate
 10619 | D:8      | Reached skill level 1 in Transmutations
 11318 | D:8      | Noticed a boulder beetle
 12187 | D:9      | Got Okleak's Disquisition on Warped Conjuration
 12877 | D:9      | Noticed Grum
 12885 | D:9      | Killed Grum
 13052 | D:9      | Reached XP level 10. HP: 80/80 MP: 18/25
 13501 | D:9      | Noticed Gastronok
 13568 | D:10     | Entered Level 10 of the Dungeon
 13633 | D:10     | Noticed a two-headed ogre
 13642 | D:10     | Killed a two-headed ogre
 13680 | D:10     | Reached skill level 5 in Conjurations
 13946 | D:10     | Found a staircase to the Orcish Mines.
 14171 | D:10     | Reached skill level 5 in Fighting
 14872 | D:11     | Noticed a manticore
 14882 | D:11     | Killed a manticore
 15097 | D:11     | Found a staircase to the Lair.
 15770 | D:11     | Noticed a manticore
 15776 | D:11     | Killed a manticore
 16120 | Lair:1   | Entered Level 1 of the Lair of Beasts
 16141 | Lair:1   | Reached XP level 11. HP: 89/89 MP: 16/27
 16157 | Lair:1   | Noticed an eight-headed hydra
 16288 | D:12     | Noticed a deep elf pyromancer
 16294 | D:12     | Killed from afar by a deep elf pyromancer

Illustrated notes

Levels and vault maps discovered:
D:1:      tarquinn_simple_flora_water_e, layout_basic, serial_park_tiny_2
D:2:      layout_basic
D:3:      layout_rooms, nicolae_overflow_hidden_temple, minmay_cut_off
D:4:      layout_loops_ring, fedhas_altar_1, gammafunk_temple_overflow_wave,
          cheibrodos_sewer_entry_bend, kennysheep_cross_room, uniq_grinder
D:5:      layout_loops_cross, mainiacjoe_overflow_tiny_flanked
D:6:      layout_basic, mainiacjoe_overflow_six_doors_small,
          nicolae_hepliaklqana_monster_ancestors, minmay_temple_entry_fiery,
          minmay_ogre_servants
D:7:      layout_loops_ring, nicolae_qazlal_style_of_elements,
          dk_noncrumbling_3, kennysheep_generic_room_10
D:8:      layout_gridville, hangedman_decor_slide_cut, minmay_statues_item,
          bh_walls_and_bars
D:9:      layout_loops_ring, old_standard_altar,
          nicolae_overflow_quartered_altars, uniq_grum, uniq_gastronok
D:10:     layout_basic
D:11:     layout_loops_ring, due_lair_maze_entry_diamond, corexii_checkpoint_a
D:12:     minmay_isolated_rectangles_in_corner, layout_stronghold,
          grunt_ministairs_13, hangedman_feature_mirror, uniq_urug
Lair:1:   layout_loops_ring, lemuel_fruit_tree

Skill      XL: |  1  2  3  4  5  6  7  8  9 10 |
---------------+-------------------------------+-----
Dodging        | 2 |  2.7
Fire Magic     | 3 4 5 6 7 8 |  8.7
Stealth        | 2 |  2.6
Spellcasting   | 2 3 4 6 7 8 |  8.8
Conjurations   | 1 2 3 4 5 |  5.6
Fighting       | 1 2 3 4 5 |  5.9
Short Blades   | 1 2 3 4 |  4.9
Armour         | 1 2 |  2.2
Transmutations | 2 3 |  3.7

Action                   |  1- 3 |  4- 6 |  7- 9 | 10-12 || total
-------------------------+-------+-------+-------+-------++-------
Melee: Unarmed           |     1 |       |       |       ||     1
       Short sword       |     9 |    23 |    71 |    16 ||   119
 Cast: Foxfire           |    96 |   242 |   194 |    39 ||   571
       Scorch            |     5 |    10 |    79 |    26 ||   120
       Flame Wave        |       |       |    15 |    26 ||    41
  Use: Scroll            |       |     4 |     2 |     4 ||    10
       Potion            |       |       |     1 |       ||     1
 Stab: Sleeping          |       |     2 |       |       ||     2
       Distracted        |       |       |       |     1 ||     1
Armor: Robe              |    15 |     8 |       |       ||    23
       Leather armour    |       |     6 |    55 |    39 ||   100
Dodge: Dodged            |    31 |    35 |   132 |    72 ||   270

Table legend: (Time is in decaauts)
 A = Elapsed time spent in this place.
 B = Non-inter-level travel time spent in this place.
 C = Inter-level travel time spent in this place.
 D = Time resting spent in this place.
 E = Time spent auto-exploring this place.
 F = Levels seen in this place.
 G = Mean time per level.
                   A        B        C        D        E       F      G
               +--------+--------+--------+--------+--------+-----+--------+
         Total |  16385 |  15935 |    450 |   1963 |  11324 |  14 | 1170.4 |
       Dungeon |  14382 |  13932 |    450 |   1597 |  10091 |  12 | 1198.5 |
          Lair |     48 |     48 |      0 |      0 |      9 |   1 |   48.0 |
         Sewer |   1954 |   1954 |      0 |    366 |   1223 |   1 | 1954.0 |
               +--------+--------+--------+--------+--------+-----+--------+

Top non-repeatable levels by time:
   Sewer: 1954 daAuts
     D:1: 1638 daAuts
     D:7: 1542 daAuts
    D:11: 1480 daAuts
     D:9: 1401 daAuts
     D:4: 1401 daAuts
     D:6: 1332 daAuts
     D:8: 1329 daAuts
     D:2: 1314 daAuts
    D:10: 1188 daAuts
     D:5: 1034 daAuts
     D:3: 708 daAuts
  Lair:1: 48 daAuts
    D:12: 10 daAuts
